 Dungeon Crawl Stone Soup version 0.16.1-4-g8e1b745 (console) character file.

49 gw the Ruffian (level 4, -1/33 HPs)
             Began as a Formicid Transmuter on Mar 27, 2015.
             Killed from afar by Sigmund (6 damage)
             ... with a magic dart
             ... on level 2 of the Dungeon.
             The game lasted 00:02:57 (3158 turns).

gw the Ruffian (Formicid Transmuter)                Turns: 3158, Time: 00:02:57

Health: -1/33      AC:  3    Str: 14    XL:     4   Next: 2%
Magic:  8/9        EV: 11    Int: 14    God:
Gold:   93         SH:  0    Dex: 11    Spells: 3 memorised, 0 levels left

rFire  . . .     SeeInvis +       - Unarmed
rCold  . . .     Clarity  .     f - +0 leather armour
rNeg   . . .     SustAb   .     (no shield)
rPois  .         Gourm    .     (helmet unavailable)
rElec  .         Spirit   .     (no cloak)
rCorr  .         Warding  .     (no gloves)
rMut   .         Stasis   +     (boots unavailable)
MR     .....                    (no amulet)
Stlth  +.........               (no ring)
                                (no ring)

@: appendage (expiring), very slightly contaminated, not resistant to hostile
enchantments, very unstealthy
A: permanent stasis, dig shafts and tunnels, four strong arms, antennae 3,
talons 3
a: Dig, Shaft Self, End Transformation


You were on level 2 of the Dungeon.
You were hungry.
You had grown temporary talons.
You visited 1 branch of the dungeon, and saw 2 of its levels.

You collected 93 gold pieces.

Inventory:

Missiles
 b - 41 arrows
 c - 7 arrows of flame
 e - 103 stones (quivered)
 g - 12 poisoned needles
Armour
 f - a +0 leather armour (worn)
Scrolls
 h - a scroll of enchant weapon {unknown}
 i - a scroll of remove curse {unknown}
 l - 3 scrolls of recharging
 o - a scroll of identify
 q - a scroll of fog {unknown}
Potions
 j - a potion of restore abilities {unknown}
 k - a potion of haste {unknown}
 n - a potion of poison {unknown}
 p - a potion of curing {unknown}
Books
 d - a book of Changes

   Spells                             Type                      Level
   a - Beastly Appendage              Transmutation                1
   b - Sticks to Snakes               Transmutation                2
   c - Spider Form                    Transmutation/Poison         3
   d - Ice Form                       Ice/Transmutation            4
   e - Blade Hands                    Transmutation                5
Comestibles
 a - a meat ration
 m - a bread ration


   Skills:
 + Level 2.1 Fighting
 + Level 1.2 Armour
 - Level 1.7 Dodging
 + Level 3.2 Unarmed Combat
 * Level 2.5 Spellcasting
 + Level 2.8 Transmutations


You couldn't memorise any spells.
You knew the following spells:

 Your Spells              Type           Power        Failure   Level  Hunger
a - Beastly Appendage     Trmt           #.....       12%         1    #......
b - Spider Form           Trmt/Pois      #.........   47%         3    ###....
c - Ice Form              Ice/Trmt       #.......     98%         4    #####..


Dungeon Overview and Level Annotations

Branches:
Dungeon (2/15)

Altars:

Annotations:
D:2 Sigmund


Innate Abilities, Weirdness & Mutations

You are under a permanent stasis effect.
You can dig through walls and to a lower floor.
Your four strong arms can wield two-handed weapons with a shield.
You have a pair of large antennae on your head (SInv).
You have claws for feet.


Message History

You hit Sigmund but do no damage.
Sigmund is heavily wounded.
Unknown command.
Unknown command.
Unknown command.
Unknown command.
ATTACK MOVE TO (1,0)
You hit Sigmund.
Sigmund is heavily wounded.
Sigmund hits you but does no damage.
Unknown command.
Unknown command.
Unknown command.
Unknown command.
ATTACK MOVE TO (1,0)
You hit Sigmund.
Sigmund is severely wounded.
Sigmund casts a spell at you. The magic dart hits you!
You die...

..............#.###
.......#.###..#.#
.......#.###..#.#
.......#.#....#.#
.......#.#....#.#
.......#.#...<#.#
.#######.#....#.#
.#
#.#....#.#######..
.#
#.#....#.a@.......
.#
#.#....#..#####...
.# #.#..#.#..# .#
#.##.#.#..# .#
#.##.#.#..# .#
#....#.#..# .#
######.#... .# #.##
## .


You could see Sigmund (invisible).

Table legend:
 A = Turns spent in this place as a percentage of turns spent in the entire game.
 B = Non-inter-level travel turns spent in this place as a percentage of non-inter-level travel turns spent in the entire game.
 C = Inter-level travel turns spent in this place as a percentage of turns spent in this place.
 D = Turns resting spent in this place as a percentage of non-inter-level travel turns spent in this place.
 E = Turns spent auto-exploring this place as a percentage of non-inter-level travel turns spent in this place.
 F = Non-inter-level travel turns spent in this place divided by the number of levels of this place that you've seen.
                   A       B       C       D       E      F
               +-------+-------+-------+-------+-------+----------------------
         Total | 100.0 | 100.0 |   0.2 |   2.5 |   2.0 | 2026.0
       Dungeon | 100.0 | 100.0 |   0.2 |   2.5 |   2.0 | 2026.0
               +-------+-------+-------+-------+-------+----------------------

Table legend:
 A = Kills in this place as a percentage of kills in entire the game.
 B = Kills by you in this place as a percentage of kills by you in the entire game.
 C = Kills by friends in this place as a percentage of kills by friends in the entire game.
 D = Other kills in this place as a percentage of other kills in the entire game.
 E = Experience gained in this place as a percentage of experience gained in the entire game.
 F = Experience gained in this place divided by the number of levels of this place that you have seen.
                   A       B       C       D       E      F
               +-------+-------+-------+-------+-------+----------------------
         Total | 100.0 | 100.0 |  -nan |  -nan | 100.0 |  35.5
       Dungeon | 100.0 | 100.0 |  -nan |  -nan | 100.0 |  35.5
               +-------+-------+-------+-------+-------+----------------------

Vanquished Creatures
  A worm (D:2)
  4 bats
  2 giant cockroaches (D:1)
  4 hobgoblins (D:1)
  5 jackals (D:1)
  2 quokkas (D:2)
  A ball python (D:1)
  2 giant newts (D:1)
  7 goblins
  4 kobolds (D:1)
  5 rats
37 creatures vanquished.

Notes
Turn   | Place    | Note
--------------------------------------------------------------
     0 | D:1      | gw, the Formicid Transmuter, began the quest for the Orb.
     0 | D:1      | Reached XP level 1. HP: 15/15 MP: 3/3
   371 | D:1      | Reached XP level 2. HP: 7/21 MP: 3/5
   816 | D:1      | Reached skill level 1 in Armour
  1107 | D:1      | Reached XP level 3. HP: 19/27 MP: 7/7
  1200 | D:1      | Learned a level 3 spell: Spider Form
  2805 | D:2      | Reached XP level 4. HP: 33/33 MP: 7/9
  2824 | D:2      | Learned a level 4 spell: Ice Form
  3143 | D:2      | Noticed Sigmund
  3158 | D:2      | Killed from afar by Sigmund

Action                   |  1- 3 |  4- 6 || total
-------------------------+-------+-------++-------
Melee: Unarmed           |   142 |    19 ||   161
Throw: Stone             |    93 |     4 ||    97
 Cast: Beastly Appendage |    42 |     2 ||    44
  Use: Scroll            |     5 |       ||     5
       Potion            |     1 |       ||     1
  Eat: Chunk             |     2 |     1 ||     3
       Bread ration      |     1 |       ||     1

Vault maps used:
D:1:      minmay_arrival_nine_rooms
D:2:      first_bread, uniq_sigmund
